 Dungeon Crawl Stone Soup version 0.30-a0-23-ge60ba3568b (webtiles) character file.

Game seed: 6806716729038888552

104445 ragingrage the Brawler (level 15, -10/169 HPs)
             Began as a Purple Draconian Transmuter on Aug 25, 2022.
             Was the Champion of Wu Jian.
             Mangled by a two-headed ogre
             ... wielding a +0 giant club
              (24 damage)
             ... on level 1 of the Orcish Mines.
             The game lasted 00:51:22 (37380 turns).

ragingrage the Brawler (DrTm)                      Turns: 37380, Time: 00:51:23

Health: -10/169    AC:  9    Str: 14    XL:     15   Next: 91%
Magic:  23/27      EV: 19    Int: 20    God:    Wu Jian [******]
Gold:   2629       SH:  0    Dex: 17    Spells: 9/30 levels left

rFire   x . .      SeeInvis .      - Unarmed
rCold   + + +      Faith    .    (shield currently unavailable)
rNeg    . . .      Spirit   .    (body armour unavailable)
rPois   +          Reflect  .    (helmet currently unavailable)
rElec   .          Harm     .    (cloak currently unavailable)
rCorr   .          Rampage  .    (gloves currently unavailable)
Will    ++...                    (boots currently unavailable)
Stlth   ++........               x - amulet of regeneration
HPRegen 1.18/turn                N - +6 ring of dexterity
MPRegen 0.20/turn                o - +4 ring of evasion

@: ice-form, studying Stealth
A: freezing attack, amphibious, boosted hp, (breathe power), AC +9, large,
unfitting armour, (cold-blooded)
a: End Transformation, Renounce Religion, Wall Jump, Serpent's Lash, Heavenly
Storm


You were on level 1 of the Orcish Mines.
You worshipped Wu Jian.
Wu Jian was exalted by your worship.
You were a creature of crystalline ice.
You visited 4 branches of the dungeon, and saw 23 of its levels.
You also visited: Gauntlet.

You collected 2629 gold pieces.

Inventory:

Hand Weapons
 a - a +3 short sword of venom
 A - a +4 whip of draining
 J - a +3 war axe
 Q - a +0 scimitar of flaming
Missiles
 F - 4 atropa-tipped darts
 H - 40 poisoned darts (quivered)
 K - a throwing net
Armour
 e - a +2 pair of gloves (melded)
 j - a +0 cloak of preservation (melded)
 w - a +2 pair of boots of stealth (melded)
Jewellery
 l - a ring of flight
 o - a +4 ring of evasion (right front paw)
 q - a +6 ring of intelligence
 x - an amulet of regeneration (around neck)
 L - a ring of wizardry
 N - a +6 ring of dexterity (left front paw)
 V - a ring of ice
 Z - a ring of willpower
Wands
 p - a wand of charming (4)
 v - a wand of acid (16)
 E - a wand of mindburst (6)
 O - a wand of polymorph (18)
 S - a wand of iceblast (12)
 U - a wand of flame (20)
Scrolls
 d - 3 scrolls of immolation
 g - 3 scrolls of magic mapping
 h - 7 scrolls of teleportation
 r - 7 scrolls of identify
 y - 4 scrolls of poison
 z - 2 scrolls of fog
 B - 2 scrolls of brand weapon
 D - 2 scrolls of enchant armour
 I - 3 scrolls of amnesia
 M - 5 scrolls of enchant weapon
Potions
 b - 4 potions of brilliance
 c - 8 potions of curing
 f - 2 potions of resistance
 i - 4 potions of magic
 k - 5 potions of attraction
 m - 4 potions of cancellation
 n - a potion of ambrosia
 s - 2 potions of invisibility
 u - 2 potions of heal wounds
 C - 3 potions of might
 G - 2 potions of mutation
 R - 3 potions of lignification
 T - a potion of haste
 W - 3 potions of flight
Miscellaneous
 t - a phantom mirror
 X - a box of beasts


   Skills:
 - Level 15.0 Fighting
 + Level 9.3 Dodging
 * Level 15.5 Unarmed Combat
 - Level 8.0 Spellcasting
 + Level 14.7 Transmutations
 + Level 4.4 Earth Magic
 - Level 9.0 Evocations


You had 9 spell levels left.
You knew the following spells:

 Your Spells              Type           Power      Damage    Failure   Level
a - Wereblood             Tmut           61%        N/A       1%          2
b - Blade Hands           Tmut           30%        N/A       1%          5
c - Spider Form           Tmut/Pois      37%        N/A       1%          3
d - Beastly Appendage     Tmut           100%       N/A       1%          1
e - Ice Form              Ice/Tmut       37%        N/A       4%          4
f - Statue Form           Tmut/Erth      30%        N/A       26%         6

Your spell library contained the following spells:

 Spells                   Type           Power      Damage    Failure   Level
 Petrify                  Tmut/Erth      46%        N/A       1%          4
 Apportation              Tloc           16%        N/A       9%          1
 Summon Small Mammal      Summ           32%        N/A       9%          1
 Stone Arrow              Conj/Erth      32%        3d9       11%         3
 Alistair's Intoxication  Tmut/Pois      24%        N/A       12%         5
 Scorch                   Fire           16%        2d5       13%         2
 Mephitic Cloud           Conj/Pois/Air  8%         N/A       26%         3
 Ozocubu's Armour         Ice            8%         N/A       26%         3
 Lee's Rapid Deconstruct  Erth           12%        3d10*     36%         5
 Fulminant Prism          Conj/Hex       4%         3d6       63%         4
 Iskenderun's Mystic Bla  Conj/Tloc      8%         2d4       63%         4
 Summon Ice Beast         Ice/Summ       8%         N/A       63%         4
 Metabolic Englaciation   Hex/Ice        4%         N/A       93%         5
 Summon Mana Viper        Hex/Summ       8%         N/A       93%         5
 Iron Shot                Conj/Erth      8%         9d3       99%         6
 Conjure Ball Lightning   Conj/Air       4%         3x3d6     100%        6
 Simulacrum               Ice/Necr       4%         N/A       100%        6
 Monstrous Menagerie      Summ           4%         N/A       100%        7
 Lehudib's Crystal Spear  Conj/Erth      8%         10d3      100%        8
 Chain Lightning          Conj/Air       4%         3d5       100%        9
 Animate Armour           Summ/Erth      Unusable   N/A       N/A         4

Dungeon Overview and Level Annotations

Branches:
Dungeon (15/15)            Temple (1/1) D:5            Lair (5/5) D:11
  Swamp (0/4) Lair:3        Snake (0/4) Lair:3        Slime (0/5) Lair:5
    Orc (2/2) D:9             Elf (0/3) Orc:2        Vaults (0/5) D:14
 Depths (0/4) D:15        Gauntlet (visited)

Altars:
Ashenzari
Cheibriados
Dithmenos
Gozag
Hepliaklqana
Makhleb
Nemelex Xobeh
Okawaru
Qazlal
Ru
Sif Muna
Trog
Wu Jian
Yredelemnul
Zin
The Shining One

Shops:
D:8 (   Orc:1 *[

Portals:
Trove: D:14 (give 7 potions of haste)

Annotations:
D:3 exclusion: downstairs
D:4 2 transporters
D:9 exclusion: downstairs
D:10 exclusion: 2 ugly things
D:12 exclusion: 2 downstairs
Lair:1 exclusion: downstairs
Lair:2 exclusion: downstairs
Lair:5 exclusion: 7 oklob plants
Orc:1 2 transporters, Pooter's ghost, journeyman MiBe
Orc:2 3 runed translucent doors, chrisa4242's ghost, journeyman GrHu


Innate Abilities, Weirdness & Mutations

You are a creature of crystalline ice.
You have a powerful freezing melee attack.
You are amphibious.
Your maximum health is increased.
Your armour is entirely melded.
You are incapable of wielding weapons or throwing items.
((You can breathe bolts of dispelling energy.))
((Your rich purple scales are hard. (AC +9)))
You cannot fit into any form of body armour.
((You are cold-blooded and may be slowed by cold attacks.))


Message History

Level annotation: 2 transporters, Pooter's ghost, journeyman MiBe
There is a stone staircase leading down here.
You slash the two-headed ogre!
The two-headed ogre is moderately wounded.
Your hands revert to their normal proportions.
Your +2 pair of gloves unmelds from your body.
You punch the two-headed ogre!
The two-headed ogre is heavily wounded.
The two-headed ogre completely misses you.
The two-headed ogre barely misses you. The two-headed ogre closely misses you.
The two-headed ogre barely misses you.
Casting: Blade Hands (mildly dangerous; 1% risk of failure)
Confirm with . or Enter, or press ? or * to list all spells.
You turn into a creature of crystalline ice.
Your +0 cloak of preservation melds into your body.
Your +2 pair of gloves melds into your body.
Your +2 pair of boots of stealth melds into your body.
You feel less stealthy.
The two-headed ogre hits you with a +0 giant spiked club!
The two-headed ogre hits you with a +0 giant club!
* * * LOW HITPOINT WARNING * * *
You pummel the two-headed ogre!! You freeze the two-headed ogre.
You kill the two-headed ogre!
The Council accepts your kill.
The two-headed ogre hits you with a +0 giant club!!
* * * LOW HITPOINT WARNING * * *
The two-headed ogre closely misses you.
You hit the two-headed ogre. You freeze the two-headed ogre.
The two-headed ogre is lightly wounded.
You hit the two-headed ogre. You freeze the two-headed ogre.
The two-headed ogre is moderately wounded.
The two-headed ogre hits you with a +0 giant club!
* * * LOW HITPOINT WARNING * * *
The two-headed ogre misses you.
You punch the two-headed ogre! You freeze the two-headed ogre.
The two-headed ogre is heavily wounded.
You punch the two-headed ogre! You freeze the two-headed ogre.
The two-headed ogre is severely wounded.
The two-headed ogre hits you with a +0 giant club!!
You die...

...#....#...#........##..#..#8...
#.........∩......#..........##©..
##......#...#....##..........####
##...#####.##....#...............
#.....##................#.#......
#....####.#..............########
##.#####.###.............#
#...###....##...)O.#....##
##.###.#.....#..Y.....###
#...#.......∩)........#
##.##..##....)).......#
###...###...........##
#..................#
##..............#.##
##...............##
#...##............#
#...##.....#...#.##


You could see a two-headed ogre.

Vanquished Creatures
  Jorgrun (Orc:1)
  A tengu reaver (D:13)
  An orc warlord (Orc:2)
  Josephine (Lair:3)
  A quicksilver dragon zombie (D:15)
  A yaktaur captain (D:15)
  2 vault guards (D:14)
  Fannar (D:11)
  A fire dragon (Lair:5)
  An ice dragon (D:14)
  5 boulder beetles
  3 ogre magi (Orc:2)
  7 hydras
  15 centaur warriors
  2 catoblepae
  8 two-headed ogres
  A vampire mage (D:15)
  4 tengu warriors
  Nergalle (Lair:2)
  6 skeletal warriors
  A deep troll (shapeshifter) (D:13)
  A spark wasp zombie (D:15)
  A glowing orange brain (D:15)
  A lindwurm (Lair:5)
  A deep elf zephyrmancer (D:14)
  A wolf spider (D:14)
  5 deep elf pyromancers
  A wizard (D:15)
  A necromancer (D:15)
  27 ugly things
  An orc sorcerer (Orc:2)
  7 cyclopes
  3 manticores
  2 black mambas (Lair:5)
  4 elephants (Lair:5)
  3 molten gargoyles
  2 gargoyles
  An unseen horror (D:11)
  Psyche (D:8)
  Maggie (D:9)
  11 cane toads
  An unseen horror (shapeshifter) (D:15)
  2 kobold demonologists
  2 rime drakes
  4 yaktaurs
  10 komodo dragons
  An efreet (D:8)
  2 freezing wraiths (D:14)
  10 trolls
  A polar bear (shapeshifter) (D:14)
  3 meliai (D:13)
  3 slime creatures
  21 blink frogs
  A centaur simulacrum (D:15)
  2 shadows
  Eustachio (D:6)
  9 wraiths
  41 yaks
  5 wyverns
  6 basilisks
  A basilisk (shapeshifter) (D:12)
  8 fire bats
  A fire elemental (Lair:2)
  3 steam dragons
  A redback (D:13)
  3 swamp worms (Lair:3)
  4 vampire mosquitoes
  Edmund (D:6)
  7 wargs
  3 nagas (Lair:3)
  10 water moccasins
  3 hell hounds (Lair:5)
  A glowing shapeshifter skeleton (D:15)
  5 ice beasts
  A floating eye zombie (D:15)
  7 orc warriors
  2 black bears
  10 ogres
  17 wolves
  4 centaurs
  3 phantoms
  6 kobold brigands
  2 necrophages
  18 bullfrogs
  10 scorpions
  7 wights
  9 killer bees
  5 electric eels
  3 howler monkeys
  A jelly (D:6)
  6 lava snakes
  15 orc priests
  2 gnoll boudas
  A hound (D:6)
  Jessica (D:2)
  17 orc wizards
  A boggart simulacrum (D:14)
  9 gnolls
  8 adders
  A shadow imp (D:6)
  2 white imps (D:6)
  An ufetubus (D:7)
  A worm (D:5)
  69 orcs
  11 ball pythons
  2 bats (D:1)
  5 endoplasms
  6 giant cockroaches
  11 goblins
  8 hobgoblins
  2 quokkas (D:3)
  2 frilled lizards
  15 kobolds
  13 rats
  A fire vortex (Lair:2)
630 creatures vanquished.

Vanquished Creatures (collateral kills)
  A hydra (Lair:3)
  A two-headed ogre (D:11)
  A death knight (D:12)
3 creatures vanquished.

Vanquished Creatures (others)
  A centaur warrior (D:13)
  An unseen horror (D:10)
  19 fungi
  25 plants
46 creatures vanquished.

Grand Total: 679 creatures vanquished

Notes
Turn   | Place    | Note
-------+----------+-------------------------------------------
     0 | D:1      | ragingrage the Draconian Transmuter began the quest for the
                  | Orb.
     0 | D:1      | Reached XP level 1. HP: 16/16 MP: 3/3
   156 | D:1      | Found a faded altar of an unknown god.
   164 | D:1      | Got Plato's Catalogue of Beckoning
   243 | D:1      | Reached XP level 2. HP: 21/23 MP: 3/5
   246 | D:1      | Learned a level 2 spell: Wereblood
   648 | D:2      | Reached XP level 3. HP: 10/28 MP: 4/6
  1016 | D:2      | Noticed Jessica
  1022 | D:2      | Killed Jessica
  1112 | D:2      | Reached XP level 4. HP: 34/36 MP: 5/7
  1494 | D:2      | Found an opulent altar of Gozag.
  1883 | D:3      | Reached XP level 5. HP: 34/45 MP: 5/8
  2713 | D:4      | Noticed an ice beast
  2864 | D:5      | Entered Level 5 of the Dungeon
  2918 | D:5      | Reached XP level 6. HP: 53/53 MP: 4/9
  3159 | D:5      | Found a staircase to the Ecumenical Temple.
  3227 | Temple   | Entered the Ecumenical Temple
  3243 | Temple   | Became a worshipper of the Wu Jian Council
  3342 | D:4      | Reached skill level 5 in Transmutations
  3406 | D:4      | Found a transporter.
  3610 | D:4      | Found a transporter.
  3634 | D:4      | Reached skill level 5 in Fighting
  3636 | D:4      | Your scales start taking on a rich purple colour.
  3636 | D:4      | Reached XP level 7. HP: 32/61 MP: 3/10
  3795 | D:4      | Reached skill level 1 in Evocations
  4493 | D:4      | Found a snail-covered altar of Cheibriados.
  5043 | D:5      | Reached XP level 8. HP: 68/68 MP: 10/14
  5477 | D:6      | Reached skill level 5 in Spellcasting
  5608 | D:6      | Learned a level 3 spell: Spider Form
  5613 | D:6      | Learned a level 4 spell: Ice Form
  5830 | D:6      | Noticed Eustachio
  5849 | D:6      | Killed Eustachio
  5956 | D:6      | Reached * piety under Wu Jian
  6026 | D:6      | Reached XP level 9. HP: 43/74 MP: 6/17
  6263 | D:6      | Reached skill level 5 in Evocations
  6626 | D:6      | Noticed Edmund
  6635 | D:6      | Reached skill level 5 in Unarmed Combat
  6647 | D:6      | Killed Edmund
  6648 | D:6      | Reached ** piety under Wu Jian
  8839 | D:8      | Noticed an efreet
  8843 | D:8      | Killed an efreet
  8844 | D:8      | Reached XP level 10. HP: 34/86 MP: 8/19
  9471 | D:8      | Identified the +1 chain mail of Qiseoc Yxegh {Str+5}
  9551 | D:8      | Found Pipuduc's Weapon Emporium.
  9575 | D:8      | Noticed Psyche
  9626 | D:8      | Killed Psyche
 10580 | D:8      | Found a hazy altar of Hepliaklqana.
 10855 | D:8      | Reached skill level 10 in Transmutations
 11252 | D:8      | Found a basalt altar of Yredelemnul.
 11416 | D:9      | Found a staircase to the Orcish Mines.
 11576 | D:9      | Noticed Maggie
 11592 | D:9      | Killed Maggie
 11593 | D:9      | Reached skill level 10 in Fighting
 11702 | D:9      | Found an opulent altar of Gozag.
 12729 | D:10     | Entered Level 10 of the Dungeon
 12787 | D:10     | Noticed a cyclops
 12787 | D:10     | Noticed a boulder beetle
 13057 | D:9      | Reached XP level 11. HP: 58/100 MP: 9/20
 13448 | D:10     | Noticed a deep elf pyromancer
 13471 | D:10     | Killed a deep elf pyromancer
 13611 | D:10     | Noticed a centaur warrior
 13630 | D:10     | Killed a centaur warrior
 13852 | D:10     | Noticed a white ugly thing
 13852 | D:10     | Noticed a purple ugly thing
 14776 | D:11     | Noticed Fannar
 14791 | D:11     | Killed Fannar
 14987 | D:11     | Found a staircase to the Lair.
 15246 | D:11     | Reached *** piety under Wu Jian
 15317 | D:11     | Found a gate leading to a gauntlet.
 15330 | Gauntlet | Entered a Gauntlet
 15330 | Gauntlet | Found a runed translucent door.
 15330 | Gauntlet | Found a transporter.
 15330 | Gauntlet | Found a runed translucent door.
 15330 | Gauntlet | Found a transporter.
 15332 | Gauntlet | Noticed a sixfirhy
 15333 | Gauntlet | Found a transporter.
 15336 | Gauntlet | Found a transporter.
 15337 | Gauntlet | Found a transporter.
 15337 | Gauntlet | Found a transporter.
 15340 | Gauntlet | Noticed a sixfirhy
 15342 | Gauntlet | Noticed a fire crab
 15371 | Gauntlet | Found a transporter.
 15373 | Gauntlet | Noticed a five-headed hydra
 15375 | Gauntlet | Found a transporter.
 15377 | Gauntlet | Found a runed translucent gate.
 15377 | Gauntlet | Found a runed translucent gate.
 15377 | Gauntlet | Found a runed translucent gate.
 15383 | Gauntlet | Found a transporter.
 15399 | Gauntlet | Found a transporter.
 15413 | Gauntlet | Found a transporter.
 15417 | Gauntlet | Found a transporter.
 15872 | D:11     | Noticed a two-headed ogre
 15940 | D:11     | Killed a two-headed ogre
 16243 | D:12     | Noticed a two-headed ogre
 16326 | D:12     | Killed a two-headed ogre
 16341 | D:12     | Reached skill level 5 in Dodging
 16474 | D:12     | Noticed a two-headed ogre
 16517 | D:12     | Killed a two-headed ogre
 16518 | D:12     | Reached XP level 12. HP: 110/110 MP: 18/23
 17150 | D:13     | Noticed a two-headed ogre
 17158 | D:13     | Killed a two-headed ogre
 17166 | D:13     | Noticed a centaur warrior
 17370 | Lair:1   | Entered Level 1 of the Lair of Beasts
 17439 | Lair:1   | Noticed an eight-headed hydra
 17452 | Lair:1   | Killed an eight-headed hydra
 18619 | Lair:2   | Noticed a five-headed hydra
 18697 | Lair:2   | Killed a five-headed hydra
 19571 | Lair:2   | Reached **** piety under Wu Jian
 19948 | Lair:2   | Noticed Nergalle
 19962 | Lair:2   | Killed Nergalle
 20781 | Lair:3   | Found a staircase to the Snake Pit.
 20915 | Lair:3   | Noticed a catoblepas
 20962 | Lair:3   | Killed a catoblepas
 20963 | Lair:3   | Reached XP level 13. HP: 27/118 MP: 7/25
 22747 | Lair:3   | Reached skill level 10 in Unarmed Combat
 23066 | Lair:3   | Identified the +9 ring mail "Foosoqig" {rPois rCorr SInv}
 23989 | Lair:3   | Noticed Josephine
 24349 | Lair:3   | Killed Josephine
 24652 | Lair:3   | Found a staircase to the Swamp.
 26021 | Lair:5   | Entered Level 5 of the Lair of Beasts
 26285 | Lair:5   | Found a staircase to the Slime Pits.
 27102 | Lair:5   | Reached ***** piety under Wu Jian
 27815 | Lair:5   | Noticed a fire dragon
 27821 | Lair:5   | Found a large runed translucent door.
 27821 | Lair:5   | Found a large runed translucent door.
 27852 | Lair:5   | Reached XP level 14. HP: 110/129 MP: 22/26
 28614 | Lair:5   | Learned a level 5 spell: Blade Hands
 28910 | D:13     | Identified the +5 chain mail of Repulsion {+Blink rC- rN+++
                  | Will+}
 30467 | D:13     | HP: 1/130 [centaur warrior/+4 sling (9)]
 31081 | D:13     | Found a stormy altar of Qazlal.
 31853 | D:13     | Noticed a tengu reaver
 31863 | D:13     | Killed a tengu reaver
 32036 | D:13     | Identified the +12 spear "Draconian's Foe" {flame, rF++
                  | rN+}
 32234 | D:13     | Got the Handbook of the Incandescent Squall
 33116 | D:14     | Reached XP level 15. HP: 119/139 MP: 21/27
 33352 | D:14     | Learned a level 6 spell: Statue Form
 33552 | D:14     | Reached skill level 1 in Earth Magic
 33594 | D:14     | Found a portal to a secret trove of treasure.
 33856 | D:14     | Found a gate to the Vaults.
 34670 | D:14     | Found a hazy altar of Hepliaklqana.
 34836 | D:15     | Entered Level 15 of the Dungeon
 34888 | D:15     | Identified the +0 leather armour of a Thousand Knives
                  | {rElec}
 34889 | D:15     | Found a staircase to the Depths.
 35004 | D:15     | Reached skill level 15 in Fighting
 35269 | D:15     | Reached skill level 15 in Unarmed Combat
 35603 | D:15     | Identified the +1 kite shield of Moedox {Regen+ Str+4
                  | Int+2}
 35605 | D:15     | Identified the +8 flail of the Singing Fool {spect, Dex+4}
 35937 | Orc:1    | Entered Level 1 of the Orcish Mines
 35992 | Orc:1    | Noticed Jorgrun
 36000 | Orc:1    | Killed Jorgrun
 36017 | Orc:1    | Found a transporter.
 36022 | Orc:1    | Noticed Pooter's ghost (journeyman MiBe)
 36034 | Orc:1    | You fall into a shaft and drop 1 floor!
 36034 | Orc:2    | Entered Level 2 of the Orcish Mines
 36155 | Orc:2    | Found a staircase to the Elven Halls.
 36465 | Orc:2    | Noticed an orc warlord
 36473 | Orc:2    | Killed an orc warlord
 36555 | Orc:2    | Found a runed translucent gate.
 36555 | Orc:2    | Found a runed translucent gate.
 36555 | Orc:2    | Found a runed translucent gate.
 36557 | Orc:2    | Noticed chrisa4242's ghost (journeyman GrHu)
 36781 | Orc:1    | Found Gusheyl's Antique Armour Boutique.
 36791 | Orc:1    | Reached ****** piety under Wu Jian
 36985 | Orc:1    | Found Zuwitweex's Gadget Gallery.
 37129 | Orc:1    | Found a transporter.
 37380 | Orc:1    | Mangled by a two-headed ogre

Illustrated notes

Levels and vault maps discovered:
D:1:      beargit_arrival_greenhouse, layout_basic,
          shapermc_ecumenical_altar_rom_forum
D:2:      layout_loops_cross, basic_altar, hangedman_decor_clover_reticule,
          dreamdust_mushroom_princess, minmay_rat_gold_closets, uniq_jessica
D:3:      layout_basic
D:4:      gammafunk_steamed_eel, layout_basic, kennysheep_mini_moat
D:5:      layout_basic, temple_pool_b
D:6:      layout_rooms, grunt_ministairs_4, minmay_pentangle, uniq_edmund,
          uniq_eustachio
D:7:      layout_basic, chequers_decorated_corner, minmay_misc_feat_hallway
D:8:      layout_layer_cave, mainiacjoe_overflow_tiny_flanked, kennysheep_mini,
          kennysheep_windowed_goal, uniq_psyche
D:9:      layout_loops_ring, nicolae_gozag_seed_capital, david_orc_2,
          uniq_maggie
D:10:     minmay_diamond_stairs, layout_rooms, lightli_orcish_oven
D:11:     layout_irregular_city, erik_lair_orcish_takeover,
          gauntlet_entry_generic, uniq_fannar
D:12:     layout_gridville
D:13:     minmay_the_grid_square_5x5_5x5_mashed [minmay_the_grid_square_5x5_c,
          minmay_the_grid_square_5x5_shrine1,
          minmay_the_grid_square_5x5_detours,
          minmay_the_grid_square_5x5_inverted_slash,
          minmay_the_grid_square_5x5_bracketed,
          minmay_the_grid_square_5x5_tetrominoes,
          minmay_the_grid_square_5x5_prize_itemx,
          minmay_the_grid_square_5x5_minimal,
          minmay_the_grid_square_5x5_prize_deathbox,
          minmay_the_grid_square_5x5_almost_minimal,
          minmay_the_grid_square_5x5_misaligned,
          minmay_the_grid_square_5x5_eight_small,
          minmay_the_grid_square_5x5_prize_junk,
          minmay_the_grid_square_5x5_bite, minmay_the_grid_square_5x5_moneybag,
          minmay_the_grid_square_5x5_tie,
          minmay_the_grid_square_5x5_prize_monsterx,
          minmay_the_grid_square_5x5_two_walls_b,
          minmay_the_grid_square_5x5_prize_open,
          minmay_the_grid_square_5x5_inner_v, minmay_the_grid_square_5x5_slash,
          minmay_the_grid_square_5x5_shrine2,
          minmay_the_grid_square_5x5_pentomino_r,
          minmay_the_grid_square_5x5_tri_point,
          minmay_the_grid_square_5x5_sharp_hourglass], layout_rooms,
          solitary_fountain
D:14:     layout_basic, david_vaults_5, enter_trove_5,
          nicolae_hepliaklqana_hippocampus
D:15:     gammafunk_depths_entry_grave, layout_basic, kennysheep_two_boxes
Temple:   nicolae_temple_two_arcs
Lair:1:   layout_regular_city
Lair:2:   layout_gridlike, lemuel_another_geyser, serial_bayou_shore_b,
          uniq_nergalle
Lair:3:   layout_regular_city, palyth_hydra_swamp_entry,
          minmay_snake_entry_guardpost_small, infiniplex_staircase_pool,
          grunt_megastairs_2, serial_bayou_shore_a, lemuel_fruit_tree,
          uniq_josephine
Lair:4:   layout_gridlike, grunt_megastairs_5
Lair:5:   cheibrodos_lair_end_hotspot, layout_gridlike,
          minmay_slime_entry_oklob_open, dreamdust_deal_with_the_devil
Orc:1:    layout_caves, serial_shops, shop, gammafunk_ghost_arena,
          nicolae_orc_lava_tube, nicolae_shop_gadgets, uniq_jorgrun
Orc:2:    st_orc_ogre_mass, layout_diamond_mine, gammafunk_ghost_necromancy

Skill      XL: |  1  2  3  4  5  6  7  8  9 10 11 12 13 14 15 |
---------------+----------------------------------------------+-----
Transmutations | 3 4 5 6 7 9 10 11 13 14 | 14.7
Fighting       | 2 3 4 5 7 10 11 12 13 14 15 | 15.0
Evocations     | 3 4 6 7 9 |  9.0
Spellcasting   | 4 5 6 7 8 |  8.0
Dodging        | 2 3 5 6 7 8 9 |  9.3
Unarmed Combat | 4 6 7 9 12 14 15 | 15.5
Earth Magic    | 4 |  4.4

Action                   |  1- 3 |  4- 6 |  7- 9 | 10-12 | 13-15 || total
-------------------------+-------+-------+-------+-------+-------++-------
Melee: Unarmed           |    12 |       |       |   329 |   974 ||  1315
       Kick              |    11 |    27 |    78 |   111 |     1 ||   228
       Short sword       |    51 |   159 |   129 |   337 |    15 ||   691
       Tailslap          |     4 |    11 |    56 |    69 |    99 ||   239
       Headbutt          |     4 |    20 |    58 |    63 |     2 ||   147
       Punch             |       |     1 |    12 |    22 |    59 ||    94
       Dagger            |       |       |   210 |    16 |       ||   226
Throw: Dart              |       |       |    12 |    18 |     1 ||    31
 Cast: Beastly Appendage |    13 |    20 |    31 |    25 |    10 ||    99
       Wereblood         |     2 |    17 |    29 |    36 |    64 ||   148
       Spider Form       |       |       |       |    19 |    22 ||    41
       Ice Form          |       |       |       |    18 |    31 ||    49
       Blade Hands       |       |       |       |       |    57 ||    57
Invok: Lunge             |       |     2 |    10 |    29 |    64 ||   105
       Whirlwind         |       |       |       |    26 |    30 ||    56
       Heavenly Storm    |       |       |       |       |     1 ||     1
 Abil: Breathe Dispellin |       |       |    21 |    14 |     6 ||    41
       Wall Jump         |       |       |       |     2 |     1 ||     3
Evoke: Wand              |       |       |     5 |     7 |     5 ||    17
       Box of beasts     |       |       |       |     2 |     1 ||     3
  Use: Potion            |       |       |     2 |       |     8 ||    10
       Scroll            |       |       |     1 |    16 |    16 ||    33
 Stab: Sleeping          |     1 |     3 |     1 |       |       ||     5
Armor: Skin              |    19 |    68 |   157 |   202 |   191 ||   637
Dodge: Dodged            |    31 |    82 |   225 |   593 |   804 ||  1735

Table legend: (Time is in decaauts)
 A = Elapsed time spent in this place.
 B = Non-inter-level travel time spent in this place.
 C = Inter-level travel time spent in this place.
 D = Time resting spent in this place.
 E = Time spent auto-exploring this place.
 F = Levels seen in this place.
 G = Mean time per level.
                   A        B        C        D        E       F      G
               +--------+--------+--------+--------+--------+-----+--------+
         Total |  37290 |  35807 |   1483 |  11076 |  18859 |  24 | 1553.8 |
       Dungeon |  24333 |  23331 |   1002 |   7070 |  12389 |  15 | 1622.2 |
        Temple |     25 |     25 |      0 |      0 |      4 |   1 |   25.0 |
          Lair |  11370 |  10904 |    466 |   3746 |   5543 |   5 | 2274.0 |
  Orcish Mines |   1414 |   1401 |     13 |    260 |    922 |   2 |  707.0 |
      Gauntlet |    145 |    145 |      0 |      0 |      0 |   1 |  145.0 |
               +--------+--------+--------+--------+--------+-----+--------+

Top non-repeatable levels by time:
    D:12: 3897 daAuts
  Lair:3: 3147 daAuts
  Lair:2: 3141 daAuts
  Lair:5: 2618 daAuts
     D:8: 2246 daAuts
     D:7: 1996 daAuts
     D:9: 1991 daAuts
    D:14: 1862 daAuts
     D:6: 1630 daAuts
    D:10: 1535 daAuts
    D:13: 1436 daAuts
     D:4: 1433 daAuts
    D:11: 1351 daAuts
     D:5: 1306 daAuts
  Lair:1: 1245 daAuts
